cohdb
Replays
Latest Replays
All Replays
Popular Replays
Top Player Replays
Match Explorer
How It Works
Community
CoH3 Stats
Reddit
Sign in to upload your games and track your stats! →
Sign in with Steam
Match 40562872
Unlisted
Match 40562872
Overview
Messages
Build Orders
End
Pioneer Squad
Construct Infanterie Kompanie
Selects Terror Battlegroup
Selects Machine Gun Camouflage
MG 42 Machine Gun Team
MG 42 Machine Gun Team
Grenadier Squad
Construct Panzergrenadier Kompanie
MG 42 Machine Gun Team
251 Medium Carrier
Pak 40 Anti-tank Gun Team
Support Elements
Panzergrenadier Squad
Selects Contempt for the Weak
Pak 40 Anti-tank Gun Team
Medical Station
StuG III G Assault Gun
Selects Defend the Fatherland
Construct Panzer Kompanie
Panzer IV Medium Tank
Selects Propaganda Leaflet Drop
Nebelwerfer 42 Rocket Launcher Team
Propaganda Leaflet Drop
Propaganda Leaflet Drop
Grenadier Squad
Grenadier Squad
Pioneer Squad
Saueee
JZuna
Lyco
eliass0101
0
0
Comments
sign in to comment!
No comments posted yet!